 Dungeon Crawl Stone Soup version 0.26-a0-708-g17f3b190f9 (webtiles) character file.

Game seed: 16506962098449801771

105 vortex the Chopper (level 4, -5/40 HPs)
             Began as a Hill Orc Monk on Oct 28, 2020.
             Slain by an ogre
             ... wielding a +0 giant club
              (21 damage)
             ... on level 6 of the Dungeon.
             The game lasted 00:08:25 (2584 turns).

vortex the Chopper (Hill Orc Monk)                  Turns: 2584, Time: 00:08:25

Health: -5/40      AC:  4    Str: 13    XL:     4   Next: 83%
Magic:  4/4        EV: 12    Int: 10    God:
Gold:   149        SH:  4    Dex: 14    Spells: 1/3 levels left

rFire    . . .     SeeInvis .   a - +0 hand axe
rCold    . . .     Faith    .   u - +0 buckler
rNeg     . . .     Spirit   .   s - +0 leather armour
rPois    .         Reflect  .   v - +1 hat
rElec    .         Harm     .   (no cloak)
rCorr    .         Rampage  .   (no gloves)
MR       .....                  (no boots)
Stlth    ++........             (no amulet)
HPRegen  0.13/turn              (no ring)
MPRegen  0.09/turn              (no ring)

@: no status effects
A: no striking features
a: no special abilities


You were on level 6 of the Dungeon.
You visited 1 branch of the dungeon, and saw 4 of its levels.

You collected 149 gold pieces.

Inventory:

Hand Weapons
 a - a +0 hand axe (weapon)
 l - a +0 hunting sling
Missiles
 c - 94 stones
 k - a boomerang (quivered)
 r - 20 poisoned darts
Armour
 s - a +0 leather armour (worn)
 u - a +0 buckler (worn)
 v - a +1 hat (worn)
Wands
 b - a wand of paralysis (6)
 w - a wand of acid (8)
Scrolls
 d - 2 scrolls of identify {unknown}
 e - 2 scrolls of immolation {unknown}
 g - a scroll of blinking {unknown}
 j - 2 scrolls of remove curse {unknown}
 m - a scroll of amnesia {unknown}
 n - 3 scrolls of magic mapping {unknown}
 q - 2 scrolls of random uselessness {unknown}
 t - a scroll of noise {unknown}
 x - a scroll of teleportation {unknown}
Potions
 f - a potion of lignification {unknown}
 h - a potion of degeneration {unknown}
 i - a potion of brilliance {unknown}
 o - a potion of curing {unknown}
 p - a potion of magic {unknown}
 z - a potion of might {unknown}


   Skills:
 + Level 4.2 Fighting
 + Level 4.7 Axes
 + Level 1.2 Throwing
 + Level 1.6 Armour
 + Level 2.8 Dodging
 - Level 1.5 Stealth
 * Level 1.1 Shields
 + Level 0.8 Evocations


You had one spell level left.
You knew the following spells:

 Your Spells              Type           Power        Failure   Level
x - Blink                 Tloc           N/A          71%         2

Your spell library contained the following spells:

 Spells                   Type           Power        Failure   Level
 Magic Dart               Conj           #...         56%         1
 Call Imp                 Summ           #.......     71%         2
 Slow                     Hex            #.......     71%         2
 Conjure Flame            Conj/Fire      #.......     91%         3
 Mephitic Cloud           Conj/Pois/Air  #.......     91%         3


Dungeon Overview and Level Annotations

Branches:
Dungeon (3/15)

Altars:


Message History

The ogre is lightly wounded.
You hit the ogre.
The ogre is moderately wounded.
You block the ogre's attack.
You hit the ogre.
The ogre is heavily wounded.
The ogre barely misses you.
You hit the ogre.
The ogre is heavily wounded.
The ogre barely misses you.
You hit the ogre.
The ogre is severely wounded.
The ogre hits you with a +0 giant club!
You are too injured to fight recklessly!
You are too injured to fight recklessly!
You hit the ogre.
The ogre is almost dead.
The ogre hits you with a +0 giant club!!
Ouch! That really hurt!
You die...

.. #. #####
#. .... .<
... # #. ..#
.#.#.#. ..#
......O#..#
#...@.[#
#...#.......
.......
#<.....
.#...#.
.###..
....... . .
.#.. .. ##
#. ... #.
..#


You could see an ogre.

Vanquished Creatures
  2 adders
  An ufetubus (D:3)
  2 oozes
  3 worms
  A dart slug (D:1)
  2 leopard geckos (D:2)
  2 orcs (D:3)
  8 bats
  6 giant cockroaches
  4 goblins
  6 hobgoblins
  3 quokkas
  5 frilled lizards
  6 kobolds
  7 rats
58 creatures vanquished.

Notes
Turn   | Place    | Note
-------+----------+-------------------------------------------
     0 | D:1      | vortex the Hill Orc Monk began the quest for the Orb.
     0 | D:1      | Reached XP level 1. HP: 19/19 MP: 1/1
   405 | D:1      | Reached XP level 2. HP: 26/27 MP: 2/2
   645 | D:1      | Reached skill level 1 in Armour
   782 | D:1      | Reached XP level 3. HP: 33/33 MP: 3/3
  1086 | D:2      | Reached skill level 1 in Throwing
  1152 | D:2      | Found a faded altar of an unknown god.
  1670 | D:2      | Reached XP level 4. HP: 40/40 MP: 4/4
  1841 | D:3      | Learned a level 2 spell: Blink
  2426 | D:3      | Reached skill level 1 in Shields
  2577 | D:3      | You fall into a shaft and drop 3 floors!
  2578 | D:6      | Noticed an ogre
  2584 | D:6      | Slain by an ogre

Illustrated notes

Levels and vault maps discovered:
D:1:      minmay_arrival_shattered_statue, layout_basic, hex_intersection,
          st_stairs_8, kennysheep_minor_cross
D:2:      layout_rooms, chequers_ecumenical_altar_simple_redux
D:3:      layout_basic
D:6:      layout_basic

Skill      XL: |  1  2  3  4 |
---------------+-------------+-----
Armour         | 1 |  1.6
Fighting       | 4 |  4.2
Throwing       | 1 |  1.2
Shields        | 1 |  1.1
Axes           | |  4.7
Dodging        | |  2.8
Stealth        | |  1.5
Evocations     | |  0.8

Action                   |  1- 3 |  4- 6 || total
-------------------------+-------+-------++-------
Melee: Hand axe          |    87 |    45 ||   132
Throw: Stone             |    57 |       ||    57
       Boomerang         |    32 |    50 ||    82
 Stab: Sleeping          |       |     2 ||     2
Armor: Robe              |    12 |       ||    12
       Leather armour    |     5 |     8 ||    13
Dodge: Dodged            |    63 |    32 ||    95
Block: Buckler           |       |     8 ||     8

Table legend: (Time is in decaauts)
 A = Elapsed time spent in this place.
 B = Non-inter-level travel time spent in this place.
 C = Inter-level travel time spent in this place.
 D = Time resting spent in this place.
 E = Time spent auto-exploring this place.
 F = Levels seen in this place.
 G = Mean time per level.
                   A        B        C        D        E       F      G
               +--------+--------+--------+--------+--------+-----+--------+
         Total |   2620 |   2586 |     34 |      0 |   2169 |   4 |  655.0 |
       Dungeon |   2620 |   2586 |     34 |      0 |   2169 |   4 |  655.0 |
               +--------+--------+--------+--------+--------+-----+--------+

Top non-repeatable levels by time:
     D:1: 1082 daAuts
     D:3: 771 daAuts
     D:2: 758 daAuts
     D:6: 7 daAuts
